 Dungeon Crawl Stone Soup version 0.20-a0-629-gc37eb77 (webtiles) character file.

144601 Klosterheim the Imperceptible (level 18, -9/183 HPs)
             Began as a Kobold Berserker on Feb 10, 2017.
             Was a High Priest of Trog.
             Mangled by Donald
             ... wielding a +0 scimitar
              (26 damage)
             ... on level 3 of the Swamp.
             The game lasted 01:46:54 (44096 turns).

Klosterheim the Imperceptible (Kobold Berserker)   Turns: 44096, Time: 01:46:55

Health: -9/183     AC: 32    Str: 17    XL:     18   Next: 2%
Magic:  18/18      EV:  3    Int:  8    God:    Trog [*****.]
Gold:   218        SH:  0    Dex: 25    Spells: 17/17 levels left

rFire    . . .     SeeInvis +   A - +14 obsidian axe {chop, +Fly SInv *Curse} (curse)
rCold    + . .     Gourm    .   (armour currently unavailable)
rNeg     + + +     Faith    .   (shield currently unavailable)
rPois    +         Spirit   .   (helmet currently unavailable)
rElec    .         Reflect  .   (cloak currently unavailable)
rCorr    .         Harm     .   (gloves currently unavailable)
MR       +....     NoTele   +   (boots currently unavailable)
Stlth    ++++++++++             (no amulet)
Regen    0.4/turn               Q - +3 ring of protection
                                L - ring of the Firefly {rC+ Stlth+}

@: agile, exhausted, tree-form, mesmerised, very slightly contaminated, hasted
and slowed
A: carnivore 3
a: Berserk, Trog's Hand, Brothers in Arms, Burn Spellbooks, Renounce Religion


You were on level 3 of the Swamp.
You worshipped Trog.
Trog was extremely pleased with you.
You were not hungry.
You were a tree.
You visited 5 branches of the dungeon, and saw 27 of its levels.
You also visited: Bailey, Ice Cave and Volcano.

You collected 2770 gold pieces.
You spent 2552 gold pieces at shops.

Inventory:

Hand Weapons
 A - the cursed +14 obsidian axe (weapon) {chop, +Fly SInv *Curse}
   (You bought it in a shop on level 2 of the Orcish Mines)

   It inflicts extra damage upon your enemies.
   It lets you see invisible.
   It lets you fly.
   It curses itself when equipped.
   It has a curse placed upon it.
 I - a +0 lajatang
Missiles
 e - 8 needles of frenzy
 v - 5 curare-tipped needles
 H - 7 needles of sleeping
Armour
 f - a +3 scale mail of fire resistance (melded)
 q - a +2 hat (melded)
 y - a +2 pair of gloves (melded)
 E - a +1 cloak of poison resistance (melded)
 P - a +2 pair of boots (melded)
Jewellery
 u - an uncursed ring of protection from fire
 C - an uncursed ring of resist corrosion
 K - an uncursed ring of protection from cold
 L - the ring of the Firefly (left branch) {rC+ Stlth+}
   (You found it on level 8 of the Dungeon)

   [ring of stealth]

   It protects you from cold.
   It makes you more stealthy.
 N - an uncursed ring of flight {unknown}
 Q - a +3 ring of protection (right branch)
 V - a +4 ring of protection
Wands
 b - a wand of iceblast (4/15)
 r - a wand of random effects (18/48)
 D - a wand of iceblast (5/15)
 F - a wand of polymorph (7/24)
 G - a wand of flame (31/48)
 J - a wand of digging (6/24)
 S - a wand of acid (6/15)
Scrolls
 d - 7 scrolls of identify
 i - 14 scrolls of remove curse
 n - a scroll of holy word
 o - 5 scrolls of fog
 z - 6 scrolls of enchant weapon
 B - 7 scrolls of teleportation
 M - a scroll of enchant armour
 U - a scroll of blinking
 X - 3 scrolls of recharging
 Z - 3 scrolls of magic mapping
Potions
 h - 7 potions of agility
 k - 2 potions of berserk rage
 l - 6 potions of curing
 m - 2 potions of lignification
 p - 3 potions of ambrosia
 s - 6 potions of resistance
 t - 5 potions of mutation
 w - 8 potions of might
 x - 3 potions of flight
Miscellaneous
 Y - a phantom mirror
Comestibles
 c - 13 meat rations
 j - 17 royal jellies


   Skills:
 - Level 16.5 Fighting
   Level 11.0 Short Blades
 + Level 5.2 Axes
 - Level 10.2 Throwing
 - Level 9.2 Armour
 - Level 13.0 Dodging
 - Level 22.5 Stealth


You had 17 spell levels left.
You didn't know any spells.

Dungeon Overview and Level Annotations

Branches:
Dungeon (15/15)            Temple (0/1) D:5            Lair (6/6) D:9
  Swamp (3/4) Lair:2       Spider (0/4) Lair:4        Slime (0/5) Lair:5
    Orc (2/2) D:11            Elf (1/3) Orc:2        Vaults (0/5) D:13
 Depths (0/5) D:15

Altars:
Ashenzari
Dithmenos
Elyvilon
Fedhas
Gozag
Hepliaklqana
Makhleb
Nemelex Xobeh
Okawaru
Ru
Trog
Beogh
Jiyva

Shops:
D:5 :%   D:6 *   D:11 :   D:12 (   Orc:2 }::=*

Annotations:
D:13 Azrael
Swamp:3 Donald


Innate Abilities, Weirdness & Mutations

You are small and have problems with some larger weapons.
You are carnivorous and can eat meat at any time.


Message History

Donald blocks your attack.
Donald is severely wounded.
You slash the bog body!
You destroy the bog body!
Trog accepts your kill.
Trog appreciates your killing of a magic user.
Donald says, "I bet the Orb isn't even all that great."
Donald hits you with a scimitar.
* * * LOW HITPOINT WARNING * * *
Donald blocks your attack.
Donald is severely wounded.
Donald hits you but does no damage. Donald hits you with a scimitar.
* * * LOW HITPOINT WARNING * * *
You feel much better. Donald hits you with a scimitar!
* * * LOW HITPOINT WARNING * * *
You hit Donald but do no damage. You open a gate to Pandemonium!
A demon appears!
Donald is heavily wounded.
Donald hits you with a scimitar!!
You die...

≈♣......§≈≈≈.≈.≈.≈≈
♣≈..≈.≈≈≈≈<≈♣≈♣
♣♣♣≈.≈≈..$...♣♣
♣♣♣≈..≈..≈≈≈♣
♣♣.....≈.≈≈≈≈♣
♣♣≈≈≈≈.§≈≈≈..♣♣♣
♣≈≈≈≈≈.........§.
♣≈...≈≈.≈≈≈≈≈≈≈..
♣♣.≈.≈≈♣≈≈≈≈.....
.<≈...†.@≈..≈....
≈≈≈..=≈..3..≈≈≈≈.
≈≈≈≈.≈.≈..≈.≈≈≈≈.
.≈≈...≈♣♣♣♣..≈≈≈.
......≈ ♣♣♣♣♣
....≈≈♣ ..≈...


You could see Donald and a friendly sixfirhy.

Vanquished Creatures
  Rupert (Lair:6)
  The ghost of kroki the Grappler, a journeyman TrAK of Lugonu (Volcano)
  A stone giant (Orc:1)
  2 yaktaur captains (D:15)
  7 hydras
  2 ghost crabs
  6 centaur warriors
  2 catoblepae
  A death knight (D:15)
  2 dancing weapons (Orc:2)
  An alligator (Swamp:3)
  13 two-headed ogres
  3 tengu warriors (D:13)
  2 ogre magi
  7 death yaks
  2 orc high priests (Orc:2)
  3 deep elf knights
  Sonja (Lair:2)
  An iron troll (Orc:1)
  A deep troll (Orc:1)
  A spriggan druid (Swamp:3)
  3 deep elf archers
  An unseen horror (D:14)
  5 orc knights
  A lindwurm (Lair:6)
  14 ugly things
  20 deep elf magi
  5 orc sorcerers
  5 cyclopes
  A shining eye (shapeshifter) (D:13)
  3 manticores (D:15)
  5 centaur zombies
  Maurice (Orc:2)
  14 elephants
  7 black mambas
  An ice statue (IceCv)
  4 molten gargoyles
  A gargoyle (D:11)
  19 spiny frogs
  4 rime drakes
  13 yaktaurs (D:15)
  2 ice devils (Lair:5)
  2 efreet
  6 komodo dragons
  4 jumping spiders (Lair:4)
  2 red devils (Volcano)
  14 trolls
  A hornet (Swamp:1)
  2 tengu conjurers (D:13)
  Grinder (D:3)
  13 polar bears
  A harpy skeleton (D:15)
  3 tyrant leeches
  12 blink frogs
  13 dream sheep
  3 bog bodies
  10 hippogriffs
  8 slime creatures
  2 tarantellas (D:15)
  8 redbacks
  A spriggan (D:7)
  A vampire (D:15)
  A shadow (D:13)
  3 air elementals
  2 wraiths
  7 basilisks
  A water elemental (Orc:2)
  50 yaks
  7 wyverns
  A fire bat (Volcano)
  A fire elemental (D:13)
  2 hungry ghosts
  7 vampire mosquitoes
  6 steam dragons
  5 wargs (Orc:1)
  6 swamp worms
  5 insubstantial wisps (Swamp:2)
  7 hell hounds
  An acid dragon (D:11)
  8 water moccasins
  8 porcupines
  4 swamp drakes (Swamp:1)
  5 ice beasts
  4 sky beasts
  2 eyes of draining
  25 orc warriors
  6 black bears
  A necrophage (D:11)
  A boggart (D:13)
  31 ogres
  7 centaurs
  14 wolves
  12 crocodiles
  An earth elemental (Elf:1)
  A gnoll sergeant (D:10)
  8 big kobolds
  18 bullfrogs
  A water moccasin zombie (D:6)
  5 scorpions
  3 wights
  6 killer bees (D:11)
  An electric eel (Lair:2)
  4 howler monkeys
  11 crimson imps
  10 lava snakes
  3 quasits
  5 hounds
  5 jellies
  2 centaur skeletons
  26 orc priests
  16 orc wizards
  A bullfrog skeleton (D:7)
  8 iguanas
  9 worker ants
  Natasha (thrice) (D:2)
  Terence (D:3)
  7 hell rats (Lair:6)
  A hound skeleton (D:11)
  15 adders
  3 gnolls (D:10)
  6 shadow imps
  An ooze (D:4)
  An adder skeleton (D:5)
  4 adder zombies
  4 worms
  4 dart slugs
  5 leopard geckos
  80 orcs
  A ball python (D:1)
  6 giant cockroaches
  13 goblins
  5 hobgoblins
  4 jackals (D:2)
  21 kobolds
  3 quokkas
  10 bats
  2 frilled lizards
  2 leopard gecko zombies
  6 rats
888 creatures vanquished.

Vanquished Creatures (collateral kills)
  A fire dragon (Lair:6)
  Harold (D:11)
  2 hydras
  An alligator (Swamp:2)
  2 two-headed ogres
  A spriggan (Swamp:1)
  A shambling mangrove (Swamp:1)
  4 ugly things
  A smoke demon (Volcano)
  A spiny frog (Swamp:2)
  A komodo dragon (Lair:5)
  A troll (Orc:2)
  A hornet (Swamp:1)
  4 polar bears (IceCv)
  2 tyrant leeches (Swamp:2)
  3 slime creatures (Swamp:1)
  6 bog bodies
  2 shadows (Swamp:2)
  2 vampire mosquitoes (Swamp:1)
  4 yaks
  2 swamp worms (Swamp:2)
  An insubstantial wisp (Swamp:2)
  A water moccasin (Lair:6)
  3 orc warriors (Orc:1)
  3 wolves (IceCv)
  2 lava snakes (Volcano)
  An orc (Orc:1)
54 creatures vanquished.

Vanquished Creatures (others)
  A phantom (D:6)
  A jelly (D:13)
  12 fungi
  14 plants
28 creatures vanquished.

Grand Total: 970 creatures vanquished

Notes
Turn   | Place    | Note
-------+----------+-------------------------------------------
     0 | D:1      | Klosterheim the Kobold Berserker began the quest for the Orb.
     0 | D:1      | Reached XP level 1. HP: 14/14 MP: 1/1
    94 | D:1      | Reached skill level 1 in Stealth
   114 | D:1      | Reached skill level 2 in Stealth
   507 | D:1      | Reached XP level 2. HP: 19/19 MP: 2/2
   678 | D:1      | Reached skill level 3 in Stealth
  1058 | D:1      | Reached XP level 3. HP: 21/23 MP: 3/3
  1612 | D:2      | Reached skill level 4 in Stealth
  2055 | D:2      | Reached XP level 4. HP: 16/28 MP: 4/4
  2395 | D:2      | Reached skill level 5 in Stealth
  2701 | D:2      | Reached ** piety under Trog
  2763 | D:3      | Found a white marble altar of Elyvilon.
  3008 | D:3      | Noticed Terence
  3018 | D:3      | Killed Terence
  3018 | D:3      | Reached skill level 6 in Stealth
  3018 | D:3      | Reached XP level 5. HP: 32/32 MP: 5/5
  3049 | D:3      | Noticed Grinder
  3256 | D:3      | Noticed Natasha
  3272 | D:2      | Killed Natasha
  3487 | D:3      | Killed Grinder
  3487 | D:3      | Reached XP level 6. HP: 40/40 MP: 6/6
  3596 | D:3      | Reached XP level 7. HP: 44/44 MP: 7/7
  3811 | D:3      | Reached skill level 5 in Fighting
  3965 | D:3      | Found a shadowy altar of Dithmenos.
  3965 | D:3      | Found a bloodstained altar of Trog.
  3965 | D:3      | Found a sparkling altar of Nemelex Xobeh.
  4048 | D:2      | Noticed Natasha
  4067 | D:2      | Killed Natasha
  4067 | D:2      | Reached skill level 5 in Dodging
  4118 | D:2      | Noticed Natasha
  4129 | D:2      | Killed Natasha
  4560 | D:4      | Found an iron altar of Okawaru.
  4851 | D:4      | Found a burning altar of Makhleb.
  5004 | D:4      | Found a shattered altar of Ashenzari.
  5189 | D:5      | Entered Level 5 of the Dungeon
  5398 | D:5      | Found Sesexaowk's Food Boutique.
  5411 | D:5      | Reached skill level 7 in Stealth
  5411 | D:5      | Reached XP level 8. HP: 51/51 MP: 8/8
  5752 | D:5      | Reached *** piety under Trog
  5866 | D:5      | Found a staircase to the Ecumenical Temple.
  5902 | D:5      | Found Cudiegamn's Book Shoppe.
  6125 | D:5      | Reached skill level 8 in Stealth
  6767 | D:6      | Got a heavy robe
  6836 | D:6      | Identified the +1 robe of the Wheelwright {Dex+2} (You found it on level 6 of the Dungeon)
  6871 | D:6      | Reached XP level 9. HP: 57/57 MP: 9/9
  6922 | D:6      | Reached skill level 5 in Short Blades
  6922 | D:6      | Reached skill level 9 in Stealth
  6958 | D:6      | Found an opulent altar of Gozag.
  7105 | D:6      | Found Seabbiap's Assorted Antiques.
  7117 | D:6      | Bought an embroidered cloak for 195 gold pieces
  7470 | D:6      | Reached skill level 10 in Stealth
  7562 | D:7      | Reached **** piety under Trog
  7565 | D:7      | Found a flagged portal.
  7581 | Bailey   | Entered a bailey
  7581 | Bailey   | Noticed an orc knight
  7970 | D:7      | Noticed a hippogriff
  8035 | D:7      | Killed a hippogriff
  8738 | D:7      | You fall through a shaft for 2 floors!
  8742 | D:9      | Noticed a two-headed ogre
  8756 | D:9      | Reached XP level 10. HP: 34/63 MP: 10/10
  8781 | D:8      | Reached skill level 11 in Stealth
  8796 | D:8      | Reached skill level 10 in Short Blades
  9201 | D:8      | Got a shimmering bone ring
  9537 | D:8      | Reached skill level 12 in Stealth
 10634 | D:9      | Killed a two-headed ogre
 10634 | D:9      | Reached skill level 13 in Stealth
 10634 | D:9      | Reached XP level 11. HP: 67/67 MP: 11/11
 10849 | D:9      | Found a staircase to the Lair.
 10872 | D:9      | Identified the ring of the Firefly {rC+ Stlth+} (You found it on level 8 of the Dungeon)
 11109 | D:9      | Noticed a two-headed ogre
 11127 | D:9      | Killed a two-headed ogre
 11127 | D:9      | Reached skill level 10 in Dodging
 11259 | D:9      | Noticed a two-headed ogre
 11263 | D:9      | Reached skill level 14 in Stealth
 11311 | D:9      | Killed a two-headed ogre
 11501 | D:9      | Found a sacrificial altar of Ru.
 11739 | Lair:1   | Entered Level 1 of the Lair of Beasts
 12003 | Lair:1   | Noticed Sonja
 12567 | Lair:1   | Reached skill level 15 in Stealth
 13114 | Lair:2   | Killed Sonja
 13192 | Lair:2   | Found a staircase to the Swamp.
 13291 | Lair:2   | Reached XP level 12. HP: 72/72 MP: 12/12
 13619 | Lair:2   | Reached skill level 16 in Stealth
 13804 | Lair:2   | Reached skill level 5 in Armour
 14237 | Lair:3   | Reached ***** piety under Trog
 14399 | Lair:3   | Reached skill level 17 in Stealth
 14467 | Lair:3   | Noticed a five-headed hydra
 14474 | Lair:3   | Killed a five-headed hydra
 14762 | Lair:3   | Reached XP level 13. HP: 68/79 MP: 13/13
 14962 | Lair:3   | Received a gift from Trog
 15611 | Lair:4   | Reached skill level 10 in Fighting
 15617 | Lair:4   | Reached skill level 18 in Stealth
 15686 | Lair:3   | Received a gift from Trog
 15909 | Lair:4   | Found a dark tunnel.
 15914 | Volcano  | Entered a volcano
 16037 | Volcano  | Noticed kroki's ghost (journeyman TrAK)
 16049 | Volcano  | Killed kroki's ghost
 16327 | Volcano  | Found a radiant altar of Vehumet.
 16880 | Lair:4   | Found a hazy altar of Hepliaklqana.
 17000 | Lair:4   | Found a hole to the Spider Nest.
 17234 | Lair:4   | Reached XP level 14. HP: 92/92 MP: 14/14
 17478 | Lair:4   | Reached skill level 19 in Stealth
 17922 | Lair:5   | Found a frozen archway.
 17983 | IceCv    | Entered an ice cave
 19019 | IceCv    | Noticed a frost giant
 19924 | Lair:5   | Found a staircase to the Slime Pits.
 19924 | Lair:5   | Found a viscous altar of Jiyva.
 20325 | Lair:6   | Entered Level 6 of the Lair of Beasts
 21120 | Lair:6   | Reached skill level 20 in Stealth
 21286 | Lair:6   | Noticed Rupert
 21364 | Lair:6   | Reached skill level 15 in Fighting
 21403 | Lair:6   | Killed Rupert
 21403 | Lair:6   | Reached XP level 15. HP: 97/103 MP: 15/15
 23218 | Lair:6   | Found a large runed door.
 23218 | Lair:6   | Found a large runed door.
 24089 | D:10     | Entered Level 10 of the Dungeon
 24512 | D:10     | Found a shattered altar of Ashenzari.
 24662 | D:11     | Noticed Harold
 24702 | D:11     | Killed Harold
 25259 | D:11     | Found a staircase to the Orcish Mines.
 25312 | D:11     | Found Coffez's Book Shop.
 25796 | Orc:1    | Entered Level 1 of the Orcish Mines
 25921 | Orc:1    | Noticed a stone giant
 25958 | Orc:1    | Killed a stone giant
 26060 | Orc:1    | Found a roughly hewn altar of Beogh.
 26743 | Orc:2    | Entered Level 2 of the Orcish Mines
 26980 | Orc:2    | Paralysed by an orc sorcerer for 7 turns
 27003 | Orc:2    | Found Pachuny's Book Boutique.
 27188 | Orc:2    | Found Muukogr Bamm's Jewellery Emporium.
 27198 | Orc:1    | Reached skill level 21 in Stealth
 27877 | Orc:1    | Noticed an orc warlord
 28481 | Orc:1    | Reached XP level 16. HP: 55/111 MP: 16/16
 28993 | Orc:2    | Found Peun Ihi's Gadget Emporium.
 29270 | Orc:2    | Found Denwag's Book Shoppe.
 29288 | Orc:2    | Found Ebikaf's Assorted Antiques.
 29298 | Orc:2    | Bought a scroll labeled ICVEK TASHREP for 27 gold pieces
 29302 | Orc:2    | Found a staircase to the Elven Halls.
 29624 | Orc:2    | Noticed Maurice
 30676 | D:12     | Found Tatat's Weapon Emporium.
 30991 | D:12     | Received a gift from Trog
 31432 | D:13     | Reached skill level 1 in Throwing
 31542 | D:13     | Noticed Azrael
 32003 | D:13     | Received a gift from Trog
 32007 | D:13     | Got an ancient dagger {god gift}
 32008 | D:13     | Identified the +5 dagger of Indomitability {protect, rN+} (Trog gifted it to you on level 13 of the Dungeon)
 32475 | D:13     | Found a gate to the Vaults.
 33669 | D:14     | Reached skill level 5 in Throwing
 34630 | D:15     | Entered Level 15 of the Dungeon
 34712 | D:15     | Received a gift from Trog
 35189 | D:15     | Found a blossoming altar of Fedhas.
 35269 | D:15     | Reached XP level 17. HP: 116/116 MP: 17/17
 36718 | D:15     | Reached skill level 22 in Stealth
 37193 | D:15     | Found a staircase to the Depths.
 37486 | Orc:2    | Killed Maurice
 37645 | Elf:1    | Entered Level 1 of the Elven Halls
 38264 | Orc:2    | Received a gift from Trog
 38306 | Orc:2    | Found a roughly hewn altar of Beogh.
 40394 | Elf:1    | Reached skill level 10 in Throwing
 41434 | Orc:2    | Bought the cursed +14 obsidian axe {chop, +Fly SInv *Curse} for 2330 gold pieces
 41670 | Swamp:1  | Entered Level 1 of the Swamp
 41692 | Swamp:1  | Reached skill level 1 in Axes
 42963 | Swamp:2  | Received a gift from Trog
 43353 | Swamp:2  | Reached skill level 5 in Axes
 43957 | Swamp:3  | Reached XP level 18. HP: 116/122 MP: 18/18
 43961 | Swamp:3  | Received a gift from Trog
 44065 | Swamp:3  | Noticed Donald
 44086 | Swamp:3  | HP: 3/183 [Donald/scimitar (9)]
 44096 | Swamp:3  | Mangled by Donald

Vault maps used:
D:1:      minmay_arrival_widening_spiral_wide
D:2:      first_bread
D:3:      nicolae_overflow_hidden_temple, gammafunk_temple_overflow_claw,
          uniq_terence, uniq_natasha, uniq_grinder
D:4:      lemuel_crystal_altar, lemuel_doored_altar, old_standard_altar
D:5:      minmay_temple_entry_crystal_x, serial_shops, shop,
          nicolae_shop_crystal
D:6:      minmay_diamond_boxcup, old_standard_altar, serial_shops, shop,
          minmay_misc_feat_x, hangedman_abyss_or_decor_stabs,
          lemuel_old_faithful
D:7:      enter_bailey_3, the_bakery, kennysheep_nondescript, st_stairs_3,
          lemuel_flame_loot_1
D:8:      hangedman_decor_riveting
D:9:      nicolae_ru_path_of_blood, erik_lair_dragon, kennysheep_potato
D:10:     grunt_ministairs_6, ashenzari_altar_1
D:11:     serial_shops, nicolae_shop_window_shopping, grunt_ministairs_2,
          uniq_harold
D:12:     serial_shops, shop
D:13:     hangedman_vaults_entry_quadrant_bands, uniq_azrael
D:14:     abandoned_shop
D:15:     grunt_enter_depths_snipers, fedhas_altar_4
Lair:1:   lemuel_fruit_tree, infiniplex_staircase_pool, serial_bayou_shore_b,
          grunt_megastairs_5, serial_bayou_shore_b, uniq_sonja
Lair:2:   beast_lair_carwin_large_3, minmay_swamp_entry_worms,
          nicolae_quartered_pool_little
Lair:4:   nicolae_spider_entry_tight_spaces, basic_altar,
          nicolae_volcano_entry_lava_flow
Lair:5:   slime_altar_1, portal_ice_cave_demonic_guard, beast_lair_carwin_1,
          infiniplex_staircase_pool_2, lemuel_fruit_fields
Lair:6:   cheibrodos_lair_end_hotspot, nicolae_lair_yak_garden, uniq_rupert
Swamp:1:  evilmike_swamp_ruin_house_5, swamp_pool5, nicolae_swamp_triple_paths
Swamp:2:  evilmike_swamp_ruin_house_4
Swamp:3:  cheibrodos_swamp_heart_of_darkness, evilmike_swamp_ruin_wall,
          uniq_donald, uniq_aizul
Orc:1:    nicolae_orc_accident_2
Orc:2:    st_orc_open, serial_shops, shop, minmay_orc_temple_c, uniq_maurice
Elf:1:    minmay_elf_arrival_plus, minmay_elf_sorcery
Bailey:   bailey_polearm_4, bailey
IceCv:    ice_cave_small_giant
Volcano:  volcano_lake

Skill      XL: |  1  2  3  4  5  6  7  8  9 10 11 12 13 14 15 16 17 |
---------------+----------------------------------------------------+-----
Stealth        | 2 3 4 6 7 8 10 13 15 17 18 20 21 22 | 22.5
Dodging        | 4 5 7 9 11 12 13 | 13.0
Fighting       | 4 5 7 8 12 15 16 | 16.5
Short Blades   | 9 11 | 11.0
Armour         | 3 6 7 9 |  9.2
Throwing       | 6 10 | 10.2
Axes           | 5 |  5.2

Action                   |  1- 3 |  4- 6 |  7- 9 | 10-12 | 13-15 | 16-18 || total
-------------------------+-------+-------+-------+-------+-------+-------++-------
Melee: Short sword       |   111 |   118 |    58 |       |       |       ||   287
       Whip              |       |       |   117 |       |       |       ||   117
       Dagger            |       |       |   328 |   851 |  2854 |  2358 ||  6391
       Rapier            |       |       |       |     2 |       |       ||     2
       Unarmed           |       |       |       |       |       |    29 ||    29
       Broad axe         |       |       |       |       |       |   164 ||   164
 Fire: Blowgun           |       |       |       |       |       |     1 ||     1
Invok: Berserk           |     3 |     6 |     7 |    14 |    39 |    29 ||    98
       Trog's Hand       |       |     1 |       |     2 |     4 |     7 ||    14
       Brothers in Arms  |       |       |     1 |     1 |    14 |     1 ||    17
       Burn Spellbooks   |       |       |       |       |     1 |     1 ||     2
Evoke: Wand              |       |       |     3 |       |     4 |       ||     7
  Use: Scroll            |       |       |     7 |    22 |     7 |     3 ||    39
       Potion            |       |       |       |     1 |       |     8 ||     9
 Stab: Sleeping          |     3 |     3 |    23 |    23 |    39 |    50 ||   141
       Distracted        |       |     1 |     1 |     2 |     6 |    15 ||    25
  Eat: Chunk             |     9 |    15 |    24 |    37 |    96 |    70 ||   251
       Meat ration       |       |       |       |       |       |     1 ||     1
Armor: Animal skin       |    15 |    19 |    48 |       |       |       ||    82
       Robe              |       |       |    25 |    20 |     1 |       ||    46
       Troll leather arm |       |       |       |    62 |   314 |       ||   376
       Scale mail        |       |       |       |       |   272 |   622 ||   894
       Skin              |       |       |       |       |       |    23 ||    23
Dodge: Dodged            |    86 |   120 |   285 |   582 |  2404 |  1926 ||  5403
